 Dungeon Crawl Stone Soup version 0.30-a0-972-gf3ab3527aa (webtiles) character file.

Game seed: 1931399134158260260

916 Ahpoh the Slasher (level 8, -2/48 HPs)
             Began as a Gargoyle Gladiator on Mar 31, 2023.
             Splashed by a jelly's acid (4 damage)
             ... on level 6 of the Dungeon.
             The game lasted 00:11:59 (4979 turns).

Ahpoh the Slasher (Gargoyle Gladiator)              Turns: 4979, Time: 00:12:00

Health: -2/48      AC:  4    Str: 24    XL:     8   Next: 9%
Magic:  8/8        EV:  8    Int:  9    God:
Gold:   264        SH:  0    Dex: 13    Spells: 7/7 levels left

rFire   . . .      SeeInvis .    f - +2 falchion (flame)
rCold   . . .      Faith    .    (no shield)
rNeg    + . .      Spirit   .    x - +0 plate armour
rPois   ∞          Reflect  .    c - +0 helmet
rElec   +          Rampage  .    (no cloak)
rCorr   .                        (no gloves)
Will    .....                    q - +0 pair of boots Stlth
                                 (no amulet)
HPRegen 0.28/turn                z - +6 ring of strength
MPRegen 0.11/turn                (no ring)

@: corroded
A: sickness immunity, AC +5, negative energy resistance 1, electricity
resistance, torment resistance 1, petrification resistance
a: no special abilities


You were on level 6 of the Dungeon.
You visited 1 branch of the dungeon, and saw 6 of its levels.

You collected 264 gold pieces.

Inventory:

Hand Weapons
 f - a +2 falchion of flaming (weapon)
 p - the +6 hand axe of the Moon {spect, Contam rC+ Str+6}
   (You found it on level 2 of the Dungeon)

   Str:       It affects your strength (+6).
   rC:        It protects you from cold.
   Contam:    It causes magical contamination when unequipped.
Missiles
 d - a throwing net (quivered)
 e - a javelin
Armour
 c - a +0 helmet (worn)
 l - a +0 ring mail
 q - a +0 pair of boots (worn)
 x - a +0 plate armour (worn)
Jewellery
 j - a ring of magical power
 o - a ring of wizardry
 z - a +6 ring of strength (left hand)
Wands
 A - a wand of mindburst (17)
Scrolls
 a - a scroll of noise
 h - 2 scrolls of blinking {unknown}
 n - a scroll of enchant weapon
 r - a scroll of brand weapon
 s - 4 scrolls of teleportation
 u - 2 scrolls of magic mapping
 w - a scroll of immolation
Potions
 b - a potion of might {unknown}
 g - 3 potions of resistance
 i - 3 potions of mutation
 k - a potion of degeneration {unknown}
 m - a potion of haste {unknown}
 t - 2 potions of heal wounds {unknown}
 v - 2 potions of flight {unknown}


   Skills:
 + Level 3.9 Fighting
 + Level 6.4 Long Blades
 + Level 2.0 Throwing
 + Level 4.4 Armour
 + Level 3.6 Dodging
 + Level 0.6 Stealth


You had 7 spell levels left.
You didn't know any spells.
Your spell library contained the following spells:

 Spells                   Type           Power      Damage    Failure   Level
 Beastly Appendage        Tmut           0%         N/A       100%        1
 Wereblood                Tmut           0%         N/A       100%        2
 Spider Form              Tmut/Pois      0%         N/A       100%        3


Dungeon Overview and Level Annotations

Branches:
Dungeon (6/15)
 Temple: D:4-7

Altars:
Elyvilon


Innate Abilities, Weirdness & Mutations

You are immune to sickness and miasma.
Your stone body is resilient. (AC +5)
You are immune to poison.
You resist negative energy. (rN+)
You are resistant to electric shocks. (rElec)
You are resistant to unholy torment.
You are immune to petrification.


Message History

The jelly jiggles.
The jelly hits you but does no damage.
You barely miss the jelly.
The jelly is moderately wounded.
You barely miss the jelly.
The jelly is moderately wounded.
The jelly closely misses you.
You hit the jelly but do no damage.
Your hands burn!
The jelly is moderately wounded.
The jelly hits you but does no damage.
You hit the jelly. You burn the jelly. The acid corrodes you!
Your hands burn!
The jelly is severely wounded.
The jelly hits you but does no damage.
You hit the jelly but do no damage.
Your hands burn!
The jelly is severely wounded.
The jelly hits you but does no damage.
You hit the jelly but do no damage.
Your hands burn!
The jelly is severely wounded.
The jelly barely misses you.
You hit the jelly but do no damage.
Your hands burn!
The jelly is heavily wounded.
The jelly misses you.
You hit the jelly but do no damage. The acid corrodes you!
Your hands burn!
The jelly is heavily wounded.
The jelly barely misses you.
You hit the jelly. You burn the jelly.
Your hands burn!
The jelly is severely wounded.
The jelly hits you.
You are splashed with acid!
You hit the jelly but do no damage.
Your hands burn!
The jelly is severely wounded.
The jelly hits you.
You are splashed with acid.
* * * LOW HITPOINT WARNING * * *
You completely miss the jelly.
The jelly is severely wounded.
The jelly hits you.
* * * LOW HITPOINT WARNING * * *
You are splashed with acid!
* * * LOW HITPOINT WARNING * * *
You hit the jelly but do no damage.
Your hands burn!
You die...

.. ##.###### ########
#.......# #.......
#.......# ###.##.# ###
#.##.##.######.##.#
...#.......#.......#..
#.#.##.........#...<.
#..J@.....#.##.##.###
#..............##.#
#.......##...#......#.#
###.##..#...........#.#
# #.....[.#...###..#
#.###..##.#.# #.## #.
.......#.# #.# ##
.......##...##
......... ...#


You could see a jelly.

Vanquished Creatures
  Grinder (D:3)
  A water moccasin (D:4)
  A centaur (D:5)
  A scorpion (D:4)
  A howler monkey (D:4)
  A jelly (D:3)
  A sleepcap (D:6)
  Jessica (D:2)
  Natasha (D:4)
  3 iguanas
  3 orc wizards (D:4)
  3 gnolls (D:2)
  5 adders
  3 worms
  2 dart slugs (D:2)
  22 orcs
  8 ball pythons
  3 endoplasms
  4 giant cockroaches
  8 goblins
  2 hobgoblins
  5 jackals
  3 kobolds
  5 quokkas
  7 bats
  2 frilled lizards
  3 rats
100 creatures vanquished.

Notes
Turn   | Place    | Note
-------+----------+-------------------------------------------
     0 | D:1      | Ahpoh the Gargoyle Gladiator began the quest for the Orb.
     0 | D:1      | Reached XP level 1. HP: 12/12 MP: 1/1
   142 | D:1      | Reached XP level 2. HP: 11/17 MP: 2/2
   201 | D:1      | Reached skill level 3 in Long Blades
   845 | D:1      | Reached XP level 3. HP: 17/21 MP: 3/3
  1257 | D:2      | Noticed Jessica
  1283 | D:2      | Killed Jessica
  1284 | D:2      | Reached XP level 4. HP: 15/27 MP: 4/4
  1506 | D:2      | Reached skill level 1 in Armour
  1693 | D:2      | Reached XP level 5. HP: 31/31 MP: 5/5
  1747 | D:2      | Identified the +6 hand axe of the Moon {spect, Contam rC+
                  | Str+6}
  1964 | D:3      | Reached skill level 4 in Long Blades
  2116 | D:3      | Noticed Grinder
  2130 | D:3      | Paralysed by Grinder for 4 turns
  2140 | D:3      | Killed Grinder
  2141 | D:3      | Reached XP level 6. HP: 15/37 MP: 6/6
  2289 | D:3      | Reached skill level 5 in Long Blades
  3058 | D:4      | Noticed a water moccasin
  3081 | D:4      | Killed a water moccasin
  3082 | D:4      | Reached XP level 7. HP: 6/41 MP: 7/7
  3434 | D:4      | Identified the +0 leather armour of Abstinence {rF- rN+
                  | Will+ Int+3}
  3445 | D:4      | Found a white marble altar of Elyvilon.
  3792 | D:4      | Noticed Natasha
  3809 | D:4      | Killed Natasha
  3953 | D:5      | Entered Level 5 of the Dungeon
  4202 | D:5      | Reached skill level 6 in Long Blades
  4357 | D:4      | Reached XP level 8. HP: 48/48 MP: 8/8
  4978 | D:6      | HP: 2/48 [acid (7)]
  4979 | D:6      | Splashed by a jelly's acid

Illustrated notes

Levels and vault maps discovered:
D:1:      nicolae_arrival_washed_ashore, layout_basic
D:2:      layout_loops_ring, minmay_pentomino_o2, uniq_jessica
D:3:      layout_basic, uniq_grinder
D:4:      layout_basic, amcnicky_altar_gilded, uniq_natasha
D:5:      layout_rooms
D:6:      minmay_razor_zed, layout_loops_cross, temple_doors_cd,
          chequers_serial_rivers_room_a, nicolae_kite_square_tiling_tiny,
          kennysheep_generic_room_14, uniq_eustachio

Skill      XL: |  1  2  3  4  5  6  7 |
---------------+----------------------+-----
Long Blades    | 3 4 5 6 |  6.4
Dodging        | 3 |  3.6
Armour         | 2 3 4 |  4.4
Fighting       | 3 |  3.9
Throwing       | 2 |  2.0
Stealth        | |  0.6

Action                     |  1- 3 |  4- 6 |  7- 9 || total
---------------------------+-------+-------+-------++-------
  Melee: Long sword        |    98 |   169 |    42 ||   309
         Punch             |     3 |       |     2 ||     5
         Falchion          |       |       |   121 ||   121
  Throw: Throwing net      |     4 |     1 |       ||     5
         Javelin           |     1 |       |       ||     1
    Use: Scroll            |       |       |     8 ||     8
 Armour: Leather armour    |    30 |       |       ||    30
         Ring mail         |    56 |    99 |       ||   155
         Plate armour      |       |       |   142 ||   142
  Dodge: Dodged            |    87 |   128 |    55 ||   270

Table legend: (Time is in decaauts)
 A = Elapsed time spent in this place.
 B = Non-inter-level travel time spent in this place.
 C = Inter-level travel time spent in this place.
 D = Time resting spent in this place.
 E = Time spent auto-exploring this place.
 F = Levels seen in this place.
 G = Mean time per level.
                   A        B        C        D        E       F      G
               +--------+--------+--------+--------+--------+-----+--------+
         Total |   5069 |   5046 |     23 |    227 |   3189 |   6 |  844.8 |
       Dungeon |   5069 |   5046 |     23 |    227 |   3189 |   6 |  844.8 |
               +--------+--------+--------+--------+--------+-----+--------+

Top non-repeatable levels by time:
     D:4: 1259 daAuts
     D:3: 1138 daAuts
     D:1: 1042 daAuts
     D:2: 918 daAuts
     D:5: 591 daAuts
     D:6: 119 daAuts
